 Dungeon Crawl Stone Soup version 0.28.0-49-g6dfe1f597d (webtiles) character file.

Game seed: 16843203762034315959

4 issech the Thaumaturge (level 1, 0/13 HPs)
             Began as a Gnoll Wanderer on May 19, 2022.
             Slain by a bat (1 damage)
             ... on level 1 of the Dungeon.
             The game lasted 00:01:06 (728 turns).

issech the Thaumaturge (Gnoll Wanderer)              Turns: 728, Time: 00:01:07

Health: 0/13       AC:  0    Str: 11    XL:     1   Next: 60%
Magic:  12/12      EV: 11    Int: 11    God:
Gold:   0          SH:  0    Dex: 11    Spells: 22/22 levels left

rFire   . . .      SeeInvis .   a - +0 club
rCold   . . .      Faith    .   (no shield)
rNeg    . . .      Spirit   .   (no armour)
rPois   .          Reflect  .   (no helmet)
rElec   .          Harm     .   (no cloak)
rCorr   .          Rampage  .   (no gloves)
Will    .....                   (no boots)
Stlth   +.........              (no amulet)
HPRegen 0.04/turn               (no ring)
MPRegen 0.13/turn               (no ring)

@: no status effects
A: fangs 1, strong nose, distributed training
a: no special abilities


You were on level 1 of the Dungeon.
You visited 1 branch of the dungeon, and saw 1 of its levels.

Inventory:

Hand Weapons
 a - a +0 club (weapon)
Missiles
 h - 12 stones (quivered)
Armour
 b - a +0 ring mail
 d - a +0 robe
 e - a +0 scale mail
Potions
 c - a potion of ambrosia {unknown}
 f - a potion of lignification {unknown}
 g - a potion of mutation {unknown}
 i - a potion of flight {unknown}


   Skills:
 + Level 0.1 Fighting
 + Level 0.1 Short Blades
 + Level 0.1 Long Blades
 + Level 0.1 Axes
 + Level 0.1 Maces & Flails
 + Level 0.1 Polearms
 + Level 0.1 Staves
 + Level 0.1 Slings
 + Level 0.1 Bows
 + Level 0.1 Crossbows
 + Level 2.4 Throwing
 + Level 2.4 Armour
 + Level 0.1 Dodging
 + Level 0.1 Stealth
 + Level 0.1 Shields
 + Level 0.1 Unarmed Combat
 + Level 11.3 Spellcasting
 + Level 3.6 Conjurations
 + Level 0.1 Hexes
 + Level 0.1 Summonings
 + Level 0.1 Necromancy
 + Level 0.1 Translocations
 + Level 0.1 Transmutations
 + Level 0.1 Fire Magic
 + Level 0.1 Ice Magic
 + Level 0.1 Air Magic
 + Level 0.1 Earth Magic
 + Level 0.1 Poison Magic
 + Level 0.2 Invocations
 + Level 0.1 Evocations


You had 22 spell levels left.
You didn't know any spells.
Your spell library contained the following spells:

 Spells                   Type           Power      Damage    Failure   Level
 Searing Ray              Conj           28%        2d5       3%          2
 Static Discharge         Conj/Air       10%        N/A       8%          2
 Apportation              Tloc           12%        N/A       11%         1
 Sting                    Tmut/Pois      24%        1d4       11%         1
 Inner Flame              Hex/Fire       6%         N/A       32%         3
 Vampiric Draining        Necr           6%         2d6       32%         3


Dungeon Overview and Level Annotations

Branches:
Dungeon (1/15)

Altars:


Innate Abilities, Weirdness & Mutations

You have very sharp teeth.
Your uncanny sense of smell can sniff out nearby items.
Your experience applies equally to all skills.


Message History

The goblin is severely wounded.
The goblin hits you with a +0 dagger.
* * * LOW HITPOINT WARNING * * *
You hit the goblin.
You kill the goblin!
Things that are here:
a +0 dagger; a goblin corpse You start resting.
HP restored.
i - a ruby potion
Things that are here:
a +0 dagger; a goblin skeleton
Found a leather armour.
A giant cockroach comes into view.
Found 15 gold pieces.
Found a flail.
A bat comes into view.
The giant cockroach barely misses you.
You barely miss the giant cockroach. The giant cockroach closely misses you.
You hit the giant cockroach but do no damage.
The giant cockroach barely misses you. The giant cockroach closely misses you.
You hit the giant cockroach but do no damage.
The bat barely misses you. The giant cockroach bites you. x2
You closely miss the giant cockroach. The bat barely misses you.
The bat hits you. The bat barely misses you. The giant cockroach bites you.
You barely miss the giant cockroach. The bat misses you.
The giant cockroach barely misses you. The giant cockroach bites you.
You hit the giant cockroach. Your punch misses the giant cockroach.
The giant cockroach is moderately wounded.
The bat barely misses you. The bat closely misses you.
The giant cockroach barely misses you. The bat hits you.
The giant cockroach bites you. The bat hits you.
* * * LOW HITPOINT WARNING * * *
The bat hits you.
* * * LOW HITPOINT WARNING * * *
The bat hits you.
* * * LOW HITPOINT WARNING * * *
You hit the bat but do no damage. The bat hits you.
You die...

#......... ### #.......# #..
#.......# #.# #.[.....#####
#.# #.....$....# #.#
#...##.....# ####.########
#B.........# ............#
##b##########
###########.#.##@# .
........#.#.##.# ∆
####.####.#..>##.#######
#.......#.#.#........... .#.
#.#####.#.#.#.##)#######....
#.#...#.#.#.#...............
#.#...#.#.#.#.##.........#.
#...<.#.#.'.#.#.....######
#.#...#.#.#.#.#..####


You could see a giant cockroach and a bat.

Vanquished Creatures
  An endoplasm (D:1)
  A quokka (D:1)
  A goblin (D:1)
  A rat (D:1)
4 creatures vanquished.

Notes
Turn   | Place    | Note
-------+----------+-------------------------------------------
     0 | D:1      | Reached skill level 11 in Spellcasting
     0 | D:1      | issech the Gnoll Wanderer began the quest for the Orb.
     0 | D:1      | issech set off with the following items: a +0 club, a +0
                  | ring mail; and the following spells available to memorise:
                  | Searing Ray, Static Discharge, Apportation, Sting, Inner
                  | Flame, Vampiric Draining
     0 | D:1      | Reached XP level 1. HP: 13/13 MP: 12/12
   728 | D:1      | Slain by a bat

Illustrated notes

Levels and vault maps discovered:
D:1:      matt_arrival_refuge, layout_basic

Skill      XL: | |
---------------+-+-----
Spellcasting   | | 11.3
Fighting       | |  0.1
Short Blades   | |  0.1
Long Blades    | |  0.1
Axes           | |  0.1
Maces & Flails | |  0.1
Polearms       | |  0.1
Staves         | |  0.1
Slings         | |  0.1
Bows           | |  0.1
Crossbows      | |  0.1
Throwing       | |  2.4
Armour         | |  2.4
Dodging        | |  0.1
Stealth        | |  0.1
Shields        | |  0.1
Unarmed Combat | |  0.1
Conjurations   | |  3.6
Hexes          | |  0.1
Summonings     | |  0.1
Necromancy     | |  0.1
Translocations | |  0.1
Transmutations | |  0.1
Fire Magic     | |  0.1
Ice Magic      | |  0.1
Air Magic      | |  0.1
Earth Magic    | |  0.1
Poison Magic   | |  0.1
Invocations    | |  0.2
Evocations     | |  0.1

Action                   || total
-------------------------++-------
Melee: Club              ||    26
Dodge: Dodged            ||    23
